 Dungeon Crawl Stone Soup version 0.32-a0-306-gfed3edf829 (webtiles) character file.

Game seed: 10476592958820157821

1745623 jestert79 the Sorcerer (level 27, 246/246 HPs)
             Began as a Purple Draconian Brigand on Feb 12, 2024.
             Was the Champion of Sif Muna.
             Escaped with the Orb
             ... and 4 runes on Feb 14, 2024!
             The game lasted 14:07:01 (121614 turns).

jestert79 the Sorcerer (Purple Draconian Brigand) Turns: 121614, Time: 14:07:02

Health: 246/246    AC: 26    Str: 14 (20) XL:     27
Magic:  49/49      EV: 21    Int: 35 (36) God:    Sif Muna [******]
Gold:   2606       SH: 16    Dex: 18      Spells: 6/70 levels left

rFire   + . .        a - +8 demon trident (elec)
rCold   + . .        F - +3 warlock's mirror {omnireflect}
rNeg    . . .        (body armour unavailable)
rPois   .            k - +3 hat of Unambiguity {Regen+ Dex+3}
rElec   +            q - +2 cloak "Weusm" {^Drain Will+ Int+5}
rCorr   .            f - +2 pair of gloves {Dex+3}
SInv    .            j - +3 pair of mountain boots {steadfast, rC+}
Will    +++++        T - amulet of Goadwo {Reflect rElec Regen+ Str+3 Int+2 SH+5}
Stlth   +            h - ring of protection from fire
HPRegen 2.21/turn    M - +6 ring of intelligence
MPRegen 0.31/turn

%: reflection
@: flying, studying 3 skills
A: breathe power, AC +13, unfitting armour, cold-blooded, big wings, stinger 1
0: Orb of Zot
}: 4/15 runes: serpentine, barnacled, slimy, silver
a: Breathe Dispelling Energy, Renounce Religion, Channel Magic, Forget Spell,
Divine Exegesis


You escaped.
You worshipped Sif Muna.
Sif Muna was exalted by your worship.
You visited 12 branches of the dungeon, and saw 56 of its levels.
You also visited: Gauntlet and Ice Cave.

You collected 10852 gold pieces.
You spent 8246 gold pieces at shops.

Inventory:

Hand Weapons
 a - a +8 demon trident of electrocution (weapon)
Missiles
 o - 79 boomerangs (quivered)
 A - a throwing net
 B - 3 curare-tipped darts
Armour
 f - a +2 pair of gloves of dexterity (worn)
 j - the +3 pair of mountain boots (worn) {steadfast, rC+}
   (You found it in a Gauntlet)

   Steadfast: It prevents involuntary movement, except for blinking,
   teleportation, or banishment.
   rC+:       It protects you from cold.
 k - the +3 hat of Unambiguity (worn) {Regen+ Dex+3}
   (You acquired it on level 1 of the Shoals)

   Dex+3:     It affects your dexterity (+3).
   Regen+:    It increases your rate of health regeneration.
 q - the +2 cloak "Weusm" (worn) {^Drain Will+ Int+5}
   (You found it on level 3 of the Vaults)

   Int+5:     It affects your intelligence (+5).
   Will+:     It increases your willpower.
   ^Drain:    It drains your maximum health when unequipped.
 F - the +3 warlock's mirror (worn) {omnireflect}
   (You bought it in a shop on level 1 of the Vaults)

   Omnireflect: It can block and reflect piercing ranged attacks and magical
   attacks against the wielder's willpower.
Jewellery
 c - the macabre finger necklace {Finger+ rN+}
   (You took it off a deep elf archer on level 3 of the Elven Halls)

   [amulet of nothing]

   Finger+:   It enables you to equip an extra ring.
   rN+:       It protects you from negative energy.
 h - a ring of protection from fire (left hand)
 w - a ring of protection from cold
 x - a ring of protection from fire
 C - a ring of flight
 D - a ring of see invisible
 M - a +6 ring of intelligence (right hand)
 O - a ring of poison resistance
 S - a ring of resist corrosion
 T - the amulet of Goadwo (around neck) {Reflect rElec Regen+ Str+3 Int+2 SH+5}
   (You found it on level 2 of the Realm of Zot)

   [amulet of reflection]

   Reflect:   It reflects blocked missile attacks.
   Str+3:     It affects your strength (+3).
   Int+2:     It affects your intelligence (+2).
   rElec:     It insulates you from electricity.
   Regen+:    It increases your rate of health regeneration.
   SH+5:      It affects your SH (+5).
 U - a ring of positive energy
 X - the ring of Thoughtfulness {MP+9 Int+2}
   (You found it in a Gauntlet)

   [ring of magical power]

   Int+2:     It affects your intelligence (+2).
   MP+9:      It affects your magic capacity (+9).
Wands
 l - a wand of light (11)
 I - a wand of iceblast (43)
 Q - a wand of digging (28)
Scrolls
 i - 8 scrolls of revelation
 n - a scroll of blinking
 p - 3 scrolls of amnesia
 r - 6 scrolls of vulnerability
 t - 3 scrolls of fear
 u - 2 scrolls of fog
 v - 9 scrolls of immolation
 y - 5 scrolls of summoning
 N - 21 scrolls of teleportation
 V - 13 scrolls of poison
 Y - 28 scrolls of identify
Potions
 d - 4 potions of magic
 e - 18 potions of curing
 g - 6 potions of resistance
 m - 8 potions of mutation
 s - 4 potions of heal wounds
 z - 13 potions of lignification
 G - 5 potions of haste
 H - 10 potions of enlightenment
 J - 5 potions of ambrosia
 K - 2 potions of cancellation
 L - 8 potions of brilliance
 R - 7 potions of might
 W - 5 potions of berserk rage
Miscellaneous
 b - a phantom mirror
 E - a condenser vane
 P - a sack of spiders
 Z - a lightning rod (4/4)


   Skills:
 + Level 20.2 Fighting
 - Level 2.5 Short Blades
 - Level 14.0 Polearms
 - Level 2.0 Throwing
 - Level 14.0 Dodging
 - Level 6.4 Stealth
 - Level 12.4 Shields
 + Level 22.3 Spellcasting
 - Level 15.2 Conjurations
 + Level 21.2 Hexes
 - Level 10.0 Summonings
 - Level 9.0 Ice Magic
 + Level 18.5 Air Magic
 - Level 10.2 Alchemy
 - Level 13.4 Invocations
 - Level 4.1 Evocations


You had 6 spell levels left.
You knew the following spells:

 Your Spells              Type           Power      Damage    Failure   Level
a - Discord               Hex            56%        N/A       1%          8
b - Irradiate             Conj/Alch      45%        3d26      1%          5
c - Summon Cactus Giant   Summ           41%        N/A       2%          6
d - Mephitic Cloud        Conj/Alch/Air  96%        N/A       0%          3
e - Tukima's Dance        Hex            100%       N/A       0%          3
f - Summon Mana Viper     Hex/Summ       99%        N/A       1%          5
g - Freezing Cloud        Conj/Ice/Air   47%        6-21      1%          5
h - Yara's Violent Unrav  Hex/Alch       49%        3d19      1%          5
i - Enfeeble              Hex            56%        N/A       1%          7
j - Orb of Destruction    Conj           49%        9d13      1%          7
k - Maxwell's Capacitive  Air            53%        ∞         2%          8
l - Blink                 Tloc           78%        N/A       1%          2

Your spell library contained the following spells:

 Spells                   Type           Power      Damage    Failure   Level
 Magic Dart               Conj           100%       1d8       0%          1
 Shock                    Conj/Air       100%       1d9       0%          1
 Slow                     Hex            100%       N/A       0%          1
 Sting                    Conj/Alch      100%       1d9       0%          1
 Summon Small Mammal      Summ           100%       N/A       0%          1
 Ensorcelled Hibernation  Hex/Ice        100%       N/A       0%          2
 Jinxbite                 Hex            100%       N/A       0%          2
 Mercury Vapours          Alch/Air       100%       N/A       0%          2
 Searing Ray              Conj           100%       2d8       0%          2
 Static Discharge         Conj/Air       100%       3-8/arc   0%          2
 Confusing Touch          Hex            100%       N/A       0%          3
 Dazzling Flash           Conj/Hex       100%       N/A       0%          3
 Sigil of Binding         Hex            100%       N/A       0%          3
 Swiftness                Air            100%       N/A       0%          3
 Airstrike                Air            53%        2d(8-24)  0%          4
 Cause Fear               Hex            56%        N/A       0%          4
 Silence                  Hex/Air        54%        N/A       0%          5
 Apportation              Tloc           78%        N/A       1%          1
 Foxfire                  Conj/Fire      100%       2x1d9     1%          1
 Freeze                   Ice            100%       1d10      1%          1
 Kiss of Death            Conj/Necr      100%       2d13      1%          1
 Necrotise                Necr           100%       1d9       1%          1
 Sandblast                Erth           78%        2d17      1%          1
 Call Imp                 Summ           100%       N/A       1%          2
 Cigotuvi's Dreadful Rot  Necr/Alch/Air  100%       N/A       1%          2
 Lesser Beckoning         Tloc           78%        N/A       1%          2
 Momentum Strike          Conj/Tloc      100%       3d10      1%          2
 Scorch                   Fire           78%        2d8       1%          2
 Sublimation of Blood     Necr           39%        N/A       1%          2
 Call Canine Familiar     Summ           83%        N/A       1%          3
 Frozen Ramparts          Ice            100%       1d16      1%          3
 Hailstorm                Conj/Ice       89%        3d14      1%          3
 Inner Flame              Hex/Fire       85%        N/A       1%          3
 Ozocubu's Armour         Ice            80%        N/A       1%          3
 Stone Arrow              Conj/Erth      100%       3d13      1%          3
 Summon Ice Beast         Ice/Summ       81%        N/A       1%          3
 Anguish                  Hex/Necr       42%        N/A       1%          4
 Brom's Barrelling Bould  Conj/Erth      75%        2d9       1%          4
 Dimensional Bullseye     Hex/Tloc       42%        N/A       1%          4
 Flame Wave               Conj/Fire      75%        2d17      1%          4
 Fulminant Prism          Conj/Alch      45%        3d20      1%          4
 Ignite Poison            Fire/Alch      66%        N/A       1%          4
 Iskenderun's Mystic Bla  Conj/Tloc      75%        2d15      1%          4
 Leda's Liquefaction      Alch/Erth      33%        N/A       1%          4
 Martyr's Knell           Necr/Summ      65%        N/A       1%          4
 Olgreb's Toxic Radiance  Alch           84%        N/A       1%          4
 Petrify                  Alch/Erth      66%        N/A       1%          4
 Sticky Flame             Fire/Alch      66%        2d11      1%          4
 Summon Blazeheart Golem  Fire/Summ      65%        N/A       1%          4
 Summon Lightning Spire   Summ/Air       95%        N/A       1%          4
 Vhi's Electric Charge    Tloc/Air       100%       N/A       1%          4
 Alistair's Intoxication  Alch           56%        N/A       1%          5
 Arcjolt                  Conj/Air       51%        1d61      1%          5
 Fireball                 Conj/Fire      37%        3d15      1%          5
 Iskenderun's Battlesphe  Conj           98%        2d14      1%          5
 Metabolic Englaciation   Hex/Ice        49%        N/A       1%          5
 Conjure Ball Lightning   Conj/Air       51%        3x3d18    1%          6
 Eringya's Noxious Bog    Alch           42%        4d6       1%          6
 Fugue of the Fallen      Necr           39%        N/A       2%          3
 Gell's Gravitas          Tloc           39%        N/A       2%          3
 Passwall                 Erth           39%        N/A       2%          3
 Teleport Other           Tloc           39%        N/A       2%          3
 Vampiric Draining        Necr           39%        2d8       2%          3
 Volatile Blastmotes      Fire/Tloc      78%        2d16      2%          3
 Sculpt Simulacrum        Ice/Alch       41%        N/A       2%          6
 Summon Forest            Summ/Tloc      32%        N/A       3%          5
 Plasma Beam              Fire/Air       40%        2x1d54    3%          6
 Bombard                  Conj/Erth      37%        9d7       5%          6
 Starburst                Conj/Fire      37%        6d11      5%          6
 Animate Dead             Necr           39%        N/A       9%          4
 Dispel Undead            Necr           39%        3d16      9%          4
 Manifold Assault         Tloc           39%        N/A       9%          4
 Passage of Golubria      Tloc           39%        N/A       9%          4
 Borgnjor's Vile Clutch   Necr/Erth      19%        N/A       24%         5
 Curse of Agony           Necr           39%        N/A       24%         5
 Lee's Rapid Deconstruct  Erth           19%        3d11*     24%         5
 Death Channel            Necr           19%        N/A       78%         6
 Dispersal                Tloc           19%        N/A       78%         6
 Spellforged Servitor     Conj/Summ      45%        N/A       4%          7
 Monstrous Menagerie      Summ           41%        N/A       12%         7
 Summon Hydra             Summ           41%        N/A       12%         7
 Ozocubu's Refrigeration  Ice            40%        4d16      19%         7
 Chain Lightning          Conj/Air       51%        3d68      63%         9
 Haunt                    Necr/Summ      32%        N/A       67%         7
 Malign Gateway           Summ/Tloc      32%        N/A       67%         7
 Summon Horrible Things   Summ           41%        N/A       67%         8
 Lehudib's Crystal Spear  Conj/Erth      37%        10d9      94%         8
 Borgnjor's Revivificati  Necr           19%        N/A       100%        8
 Disjunction              Tloc           19%        N/A       100%        8
 Ignition                 Fire           19%        3d7       100%        8
 Infestation              Necr           19%        N/A       100%        8
 Death's Door             Necr           19%        N/A       100%        9
 Dragon's Call            Summ           41%        N/A       100%        9
 Fire Storm               Conj/Fire      37%        8d10      100%        9
 Polar Vortex             Ice            40%        12d5*     100%        9
 Shatter                  Erth           19%        3d18*     100%        9
 Animate Armour           Summ/Erth      Unusable   N/A       N/A         4

Dungeon Overview and Level Annotations

Branches:
Dungeon (15/15)            Temple (1/1) D:6            Lair (5/5) D:9
 Shoals (4/4) Lair:2        Snake (4/4) Lair:3        Slime (5/5) Lair:5
    Orc (2/2) D:12            Elf (3/3) Orc:2        Vaults (5/5) D:13
  Crypt (3/3) Vaults:3       Tomb (0/3) Crypt:3      Depths (4/4) D:15
    Zot (5/5) Depths:4      IceCv (visited)         Gauntlet (visited)

Altars:
Ashenzari
Cheibriados
Dithmenos
Elyvilon
Fedhas
Gozag
Hepliaklqana
Kikubaaqudgha
Makhleb
Nemelex Xobeh
Okawaru
Qazlal
Ru
Sif Muna
Trog
Uskayaw
Vehumet
Wu Jian
Xom
Yredelemnul
Zin
The Shining One
Beogh
Jiyva

Shops:
D:1 *   D:5 (*[!*   D:6 =   D:9 *   D:13 (   Orc:1 *   Orc:2 =[?!   Elf:2 *
Shoals:1 *   Shoals:3 *   Snake:2 ([[[[*(   Snake:4 =::   Vaults:1 [((
Depths:4 (

Portals:
Hell: Depths:1 Depths:2 Depths:3 Depths:4
Abyss: Depths:1 Depths:3
Pandemonium: Orc:2 Depths:2
Ziggurat: Depths:3

Annotations:
D:12 exclusion: 2 downstairs
Orc:2 exclusion: upstairs
Elf:2 3 runed translucent doors
Depths:3 exclusion: 2 obsidian statues
Zot:4 2 transporters, Tiejaxt's ghost, master TeAE


Innate Abilities, Weirdness & Mutations

You can breathe bolts of dispelling energy.
Your rich purple scales are hard. (AC +13)
You cannot fit into any form of body armour.
You are cold-blooded and may be slowed by cold attacks.
Your large and strong wings let you fly.
Your tail ends in a venomous barb.


Message History

You hit the Orb Guardian but do no damage.
The Orb Guardian is almost dead.
You block the Orb Guardian's attack.
The cacodemon gestures at the rock wall.
You hear a grinding noise.
You puncture the Orb Guardian!
The Orb Guardian is almost dead.
You block the Orb Guardian's attack.
You impale the Orb Guardian!!
You kill the Orb Guardian!
Sif Muna accepts your kill. The cacodemon gestures at you.
Your +3 warlock's mirror {omnireflect} blocks the bolt of devastation... and reflects it back!
The bolt of devastation misses the cacodemon.
Okay, then.
You fly upwards.
There is a stone staircase leading down here.
Unknown command.
Unknown command.
Aiming: Dig
Press: ? - help, Shift-Dir - straight line You can't see that place. [a rock wall.]
The rock shatters into small pieces.
A chaos spawn comes into view.
An Orb Guardian comes into view.
The Orb Guardian moves out of view.
There is a stone staircase leading up here.
You fly upwards.
There is a stone staircase leading down here.
Your magical contamination has completely faded away.
You see here a hobgoblin skeleton.
There is a stone staircase leading up here.
You fly upwards.
There is a stone staircase leading down here.
A soul eater comes into view.
The soul eater hits you but does no damage.
There is a large open door here.
There is a staircase leading out of the dungeon here.
You have escaped!

..........(.................# #.
.#...##...####.#♣~####.##.#.####.
.#......÷.# #♣#.♣♣ #.##.#......
.........%#♣#♣♣.♣.♣##♣###.#.####.
.#......###...........# #......#.
.#......# ♣...........# #.#.####.
........# ♣..#######..♣ #.#.# #.
........###..#.....#..###.#.####.
........♣#...#..@3.#...♣#.#......
....÷##...#..#.[...'..♣.♣........
..#..##.♣♣...#.....'...#♣.#.####.
..#..##.#♣#..#.....#..♣##.#.####.
..#..##.# ♣..#######..# #........
........# #...........♣ #.....÷##
..##.##.##♣...........♣♣#.......÷
#.##.#.....##♣#.♣.#♣♣♣....#..####
...........♣ ##.♣♣ #..###...# #


You could see a soul eater.

Vanquished Creatures
  the Royal Jelly (Slime:5)
  3 dread liches (Zot:5)
  An ancient lich (Vaults:5)
  3 orbs of fire (Zot:5)
  Xtahua (Crypt:2)
  Boris (Depths:2)
  Vv (Zot:4)
  7 Killer Klowns
  Saint Roka (Elf:3)
  2 curse toes
  2 golden dragons
  Nikola (Elf:3)
  A Tzitzimitl (D:9)
  2 electric golems
  Rupert (D:13)
  20 Orb Guardians
  11 tentacled monstrosities
  6 liches
  3 titans (Vaults:5)
  2 deep elf master archers (Elf:3)
  3 sphinxes
  6 death cobs
  6 quicksilver dragons
  A walking frostbound tome (Depths:4)
  20 acid blobs
  Polyphemus (Shoals:3)
  6 ancient champions
  Gastronok (Lair:1)
  Donald (Elf:3)
  5 tengu reavers
  10 shadow dragons
  10 storm dragons
  5 draconian monks
  6 nagarajas
  6 protean progenitors
  2 revenants (Crypt:3)
  3 azure jellies
  Aizul (Snake:2)
  8 rockslimes
  3 draconian shifters
  2 fire giants
  A draconian scorcher (Zot:4)
  4 draconian knights
  2 deep elf sorcerers (Elf:3)
  3 frost giants
  2 deep elf elementalists (Elf:3)
  10 vault wardens
  A balrug (Depths:1)
  11 ironbound preservers
  2 curse skulls
  A spriggan defender (Depths:2)
  A draconian stormcaller (Zot:2)
  An orc warlord (Vaults:3)
  2 very ugly things
  5 ghouls
  7 quicksilver oozes
  2 draconian annihilators
  The ghost of jboons the Fighter, a journeyman DsAE of Gozag (Lair:5)
  10 stone giants
  4 ironbound thunderhulks
  An azure jelly (shapeshifter) (Depths:3)
  A formless jellyfish (shapeshifter) (Depths:3)
  6 black draconians
  8 formless jellyfish
  5 deep elf death magi
  6 green draconians
  3 vampire knights
  Nessos (D:13)
  2 deep elf demonologists
  5 purple draconians
  2 white draconians
  7 yellow draconians
  12 dire elephants
  4 deep elf annihilators
  18 spark wasps
  A minotaur (Gauntlet)
  2 red draconians
  10 war gargoyles
  2 blizzard demons
  Josephine (Orc:1)
  2 fire dragons
  3 merfolk javelineers
  5 ettins
  11 jiangshi
  Snorg (Orc:1)
  2 merfolk impalers
  9 eidola
  2 spectral quicksilver dragons (Crypt:3)
  A deep elf high priest (Elf:3)
  4 spectral spriggans (Crypt:3)
  A crystal guardian (Vaults:2)
  5 yaktaur captains
  15 vault guards
  4 entropy weavers
  A rakshasa (Depths:4)
  A salamander tyrant (Depths:4)
  5 great orbs of eyes
  8 ice dragons
  2 peacekeepers
  8 hydras
  Fannar (D:10)
  4 merfolk avatars
  5 spriggan air magi
  15 centaur warriors
  A demonspawn (Orc:2)
  2 catoblepae (Lair:5)
  A radroach (Zot:2)
  An ogre mage (Vaults:5)
  2 hell beasts
  Erica (Orc:1)
  3 satyrs (Shoals:3)
  15 death yaks
  2 boulder beetles
  A sphinx skeleton (Crypt:2)
  8 anacondas
  An alligator snapping turtle (Shoals:2)
  4 deep troll shamans
  7 ironbound frosthearts
  3 spectral nagas (Crypt:3)
  4 merfolk aquamancers (Shoals:4)
  8 orc high priests (Orc:2)
  2 spriggan berserkers (Depths:2)
  9 vampire magi
  20 naga warriors
  3 deep troll earth magi
  An occultist (Depths:3)
  A bennu skeleton (Crypt:2)
  A titan zombie (Vaults:2)
  2 hell knights
  11 naga sharpshooters
  A shock serpent (shapeshifter) (Vaults:5)
  4 deep elf knights
  A fire crab (shapeshifter) (Vaults:3)
  2 iron trolls
  9 salamander mystics
  A skyshark (Shoals:2)
  A bunyip zombie (Crypt:1)
  A titan skeleton (Crypt:3)
  4 shock serpents
  2 sun demons
  3 sixfirhies
  3 skysharks (shapeshifter)
  2 goliath frogs (Zot:2)
  4 skeletal warriors (Crypt:1)
  9 glowing orange brains
  A spectral anaconda (Crypt:3)
  2 deep trolls (shapeshifter)
  10 sea snakes
  25 deep trolls
  6 shadow wraiths
  A quicksilver dragon simulacrum (Crypt:3)
  A mana viper (shapeshifter) (Vaults:3)
  16 phantasmal warriors
  7 flayed ghosts
  4 arcanists
  A swamp dragon (Zot:4)
  13 mana vipers
  2 spriggan simulacra
  2 obsidian statues (Depths:3)
  6 naga ritualists
  7 deep elf archers
  A spectral hydra (Crypt:3)
  A shadow dragon zombie (Vaults:4)
  21 harpies
  7 orc knights
  13 deep elf zephyrmancers
  A fenstrider witch simulacrum (Crypt:3)
  16 deep elf pyromancers
  5 lindwurms
  8 necromancers
  6 orc sorcerers
  3 stone giant zombies
  10 cyclopes
  39 ugly things
  5 human zombies
  15 ironbound convokers
  8 shining eyes
  15 fauns
  An oklob plant (Lair:5)
  A shining eye (shapeshifter) (Vaults:5)
  An elf skeleton (Vaults:4)
  11 elephants (Lair:5)
  27 salamanders
  18 moths of wrath
  16 manticores
  Joseph (D:9)
  The ghost of hikkokomori the Ruffian, a novice TrFi (D:5)
  A shock serpent zombie (Crypt:1)
  2 spectral centaurs (Crypt:3)
  4 merfolk sirens
  A titan simulacrum (Depths:2)
  A rust devil (Orc:2)
  10 vault sentinels
  20 naga magi
  A kobold blastminer (Orc:2)
  7 water nymphs
  20 cane toads
  29 black mambas
  4 eyes of devastation
  2 ice statues (Snake:1)
  3 torpor snails (Zot:1)
  A gargoyle (D:11)
  2 guardian serpents
  A stone giant skeleton (Crypt:1)
  Maggie (D:6)
  3 smoke demons (Depths:1)
  A shock serpent skeleton (Crypt:2)
  18 freezing wraiths
  3 hellions
  An alligator snapping turtle skeleton (Crypt:3)
  An unseen horror (D:13)
  2 anaconda simulacra
  A black draconian zombie (Crypt:1)
  2 tengu conjurers (D:14)
  2 tormentors (D:13)
  A kobold demonologist (D:12)
  28 yaktaurs
  12 komodo dragons
  A spectral two-headed ogre (Crypt:3)
  Psyche (D:12)
  A hydra zombie (Crypt:3)
  A purple draconian skeleton (Crypt:3)
  2 rime drakes
  A yellow draconian skeleton (Crypt:2)
  2 spectral harpies (Crypt:3)
  A harpy zombie (Crypt:1)
  5 ice devils
  A merfolk (shapeshifter) (Vaults:5)
  2 trolls (D:11)
  18 merfolk
  A hellwing (Orc:2)
  2 hornets
  A queen bee (D:9)
  A shadow dragon simulacrum (Crypt:3)
  2 ettin zombies
  2 harpy skeletons (Crypt:3)
  A culicivora zombie (Crypt:2)
  Prince Ribbit (D:7)
  17 blink frogs
  10 dream sheep
  2 tarantellas (Vaults:4)
  9 snapping turtles
  5 wind drakes
  A dream sheep (shapeshifter) (Vaults:3)
  2 glass eyes (shapeshifter)
  An elf zombie (Vaults:3)
  52 slime creatures
  A snapping turtle (shapeshifter) (Vaults:3)
  2 culicivoras
  A jumping spider (shapeshifter) (Vaults:5)
  2 vampires
  9 air elementals
  3 shadows
  6 wyverns
  A dire elephant simulacrum (Crypt:3)
  2 spriggans
  A centaur simulacrum (Crypt:1)
  Grum (D:8)
  11 wraiths
  46 yaks
  24 dancing weapons
  15 humans (D:13)
  15 water elementals
  8 basilisks
  A steam dragon (D:7)
  2 minotaur simulacra (IceCv)
  2 redbacks (Vaults:4)
  4 wargs
  12 fire elementals
  2 vampire mosquitoes (D:12)
  Menkaure (D:5)
  2 glowing shapeshifter zombies
  A wind drake skeleton (Crypt:1)
  29 nagas
  2 harpy simulacra (Crypt:3)
  A naga zombie (Crypt:1)
  An acid dragon (D:11)
  10 water moccasins
  A swamp worm (shapeshifter) (Vaults:3)
  A demonspawn zombie (Crypt:2)
  A nameless horror (Zot:5)
  4 hell hounds
  A human simulacrum (Vaults:4)
  2 ice beasts
  A black bear (Lair:5)
  A fire bat skeleton (Crypt:2)
  A two-headed ogre skeleton (Crypt:1)
  29 orc warriors
  A sky beast (D:7)
  10 laughing skulls (Crypt:2)
  An ettin simulacrum (Crypt:3)
  6 ogres
  15 wolves
  6 centaurs
  A swamp dragon skeleton (Crypt:1)
  A fire crab zombie (Crypt:2)
  The ghost of Azoth the Ducker, an amateur DEGl (D:3)
  5 kobold brigands
  A rime drake skeleton (Crypt:3)
  14 bullfrogs
  3 gnoll sergeants
  2 necrophages (Crypt:2)
  A yaktaur skeleton (Crypt:3)
  A deep troll simulacrum (IceCv)
  11 earth elementals
  A water moccasin zombie (D:5)
  10 wights
  31 killer bees
  A vampire bat (D:5)
  2 electric eels (Elf:3)
  A shapeshifter skeleton (Crypt:1)
  4 howler monkeys
  4 bombardier beetles
  2 lava snakes
  A centaur zombie (Crypt:2)
  2 jellies
  3 centaur skeletons (D:5)
  25 orc priests
  A gnoll bouda (D:5)
  13 hounds
  2 human skeletons (Crypt:1)
  2 sleepcaps
  Crazy Yiuf (D:5)
  4 iguanas
  Natasha (thrice) (D:3)
  27 orc wizards
  7 hell rats (Lair:5)
  Terence (D:3)
  2 crocodile skeletons
  A mummy (D:5)
  21 gnolls
  11 adders
  6 white imps
  2 ufetubi (D:4)
  A dart slug (D:3)
  7 fire bats
  A ribbon worm (D:5)
  80 orcs
  2 spectral bats (D:5)
  3 bat skeletons (D:5)
  A bat zombie (D:5)
  5 endoplasms
  3 giant cockroaches
  11 goblins
  13 hobgoblins
  6 jackals
  18 kobolds
  4 quokkas
  11 ball pythons
  19 bats
  A bat simulacrum (D:5)
  6 frilled lizards
  8 rats
  A rat zombie (Crypt:2)
  An aspiring flesh (Zot:2)
  2 ball lightnings (Depths:3)
2040 creatures vanquished.

Vanquished Creatures (collateral kills)
  An orb of fire (Zot:5)
  A dread lich (Zot:2)
  2 ancient liches
  Boris (Crypt:1)
  A Killer Klown (Zot:5)
  A golden dragon (Zot:4)
  A bone dragon (Depths:1)
  An electric golem (Zot:1)
  2 tentacled monstrosities (Zot:2)
  5 Orb Guardians (Zot:5)
  A lich (Zot:2)
  A walking frostbound tome (Depths:3)
  2 sphinxes
  6 acid blobs
  A deep elf blademaster (Elf:3)
  3 death cobs
  4 shadow dragons (Vaults:5)
  5 storm dragons
  A protean progenitor (Zot:1)
  5 rockslimes (Slime:5)
  2 draconian knights (Zot:2)
  A nagaraja (Snake:4)
  An azure jelly (Slime:5)
  5 frost giants
  2 fire giants
  3 vault wardens
  3 draconian shifters
  A deep elf sorcerer (Vaults:5)
  A draconian scorcher (Zot:2)
  A ghost moth (Zot:2)
  A deep elf elementalist (Elf:3)
  14 very ugly things
  Louise (Elf:3)
  2 ghouls (Crypt:3)
  A reaper (Crypt:3)
  5 quicksilver oozes
  3 draconian stormcallers
  8 ironbound preservers
  3 draconian annihilators
  A formless jellyfish (Slime:1)
  5 stone giants
  2 ironbound thunderhulks
  2 black draconians (Zot:2)
  6 green draconians
  2 deep elf annihilators (Elf:3)
  3 deep elf demonologists
  2 white draconians (Zot:2)
  2 dire elephants
  3 purple draconians
  3 red draconians
  2 eidola (Crypt:3)
  5 ettins
  3 merfolk impalers
  A fire dragon (Depths:4)
  6 yaktaur captains
  2 deep elf high priests
  3 great orbs of eyes
  A salamander tyrant (Snake:4)
  15 vault guards
  3 peacekeepers (Vaults:4)
  2 ice dragons
  3 ironbound frosthearts
  A catoblepas (Shoals:3)
  A merfolk avatar (Shoals:4)
  2 two-headed ogres
  5 dancing weapons
  6 deep troll shamans
  A two-headed ogre (shapeshifter) (Vaults:5)
  A centaur warrior (Vaults:2)
  3 death knights
  2 satyrs
  2 naga warriors
  A vampire mage (Depths:3)
  5 deep troll earth magi
  A spectral dire elephant (Crypt:3)
  An orc high priest (Orc:2)
  5 naga sharpshooters
  2 spriggan berserkers
  4 shock serpents
  An occultist (Depths:2)
  8 iron trolls
  21 deep trolls
  A flayed ghost (Vaults:5)
  3 mana vipers
  A deep troll (shapeshifter) (Vaults:5)
  2 harpies
  2 deep elf archers (Elf:3)
  2 lindwurms (Vaults:4)
  3 arcanists
  A naga ritualist (Snake:4)
  3 necromancers
  An obsidian statue (Zot:5)
  3 ironbound convokers
  2 phantasmal warriors
  4 orc knights
  5 deep elf zephyrmancers
  A wolf spider (Vaults:5)
  An orc sorcerer (Elf:3)
  3 deep elf pyromancers
  18 ugly things
  3 shining eyes
  4 fauns (Shoals:3)
  5 salamanders (Depths:4)
  2 cyclopes (Zot:1)
  A merfolk siren (Shoals:3)
  3 moths of wrath
  A fire giant skeleton (Depths:2)
  6 naga magi
  2 guardian serpents
  A shock serpent zombie (Crypt:1)
  8 vault sentinels
  3 black mambas
  A water nymph (Shoals:4)
  2 kobold blastminers
  A molten gargoyle (Depths:4)
  An elf zombie (Vaults:4)
  2 yaktaurs (Vaults:3)
  A spectral naga (Crypt:3)
  A guardian mummy (Crypt:1)
  4 freezing wraiths
  A hornet (Depths:1)
  A troll (Elf:3)
  13 merfolk
  A wind drake (Shoals:3)
  54 slime creatures
  A snapping turtle (Shoals:4)
  A spriggan (Depths:1)
  A jumping spider (shapeshifter) (Vaults:5)
  A fire dragon skeleton (Crypt:3)
  An air elemental (Elf:1)
  A water elemental (Shoals:1)
  A human (D:13)
  2 wraiths (Crypt:2)
  An elf skeleton (Vaults:4)
  A glowing shapeshifter zombie (Vaults:4)
  6 nagas
  12 orc warriors
  An ogre (Orc:1)
  A centaur (D:14)
  A kobold brigand (D:12)
  2 human skeletons
  2 earth elementals
  A wight (D:7)
  An electric eel (Elf:3)
  An orc priest (Orc:2)
  4 orc wizards
  2 mummies (Crypt:1)
  An adder (D:3)
  16 orcs
  A goblin skeleton (Crypt:1)
  A kobold (D:7)
  A ball lightning (Depths:3)
496 creatures vanquished.

Vanquished Creatures (others)
  An Orb Guardian (Zot:5)
  2 death cobs
  A shadow dragon (Zot:2)
  A draconian shifter (Zot:2)
  A draconian knight (Zot:3)
  A vault warden (Vaults:5)
  A draconian scorcher (Depths:4)
  2 ironbound preservers (Vaults:5)
  A draconian stormcaller (Zot:3)
  6 very ugly things
  A draconian annihilator (Zot:2)
  3 stone giants
  An ironbound thunderhulk (Vaults:4)
  2 green draconians
  A deep elf demonologist (Elf:3)
  A ghost moth (shapeshifter) (Depths:3)
  A deep elf death mage (Vaults:5)
  3 black draconians
  A dire elephant (shapeshifter) (Depths:3)
  A spark wasp (Depths:4)
  2 yellow draconians
  3 white draconians
  A red draconian (Zot:2)
  A vault guard (Vaults:5)
  A deep troll shaman (Depths:2)
  2 deep troll earth magi (Depths:1)
  A hell knight (Depths:4)
  6 deep trolls
  A naga ritualist (Snake:4)
  A necromancer (Depths:2)
  5 ugly things
  An orc sorcerer (Orc:2)
  A salamander (Depths:4)
  A manticore (shapeshifter) (Depths:3)
  An ugly thing (shapeshifter) (Depths:3)
  A water nymph (shapeshifter) (Depths:3)
  A black mamba (Snake:2)
  A yaktaur (Vaults:2)
  A guardian mummy (Crypt:1)
  5 air elementals (Depths:3)
  16 slime creatures
  6 water elementals (Depths:3)
  A fire elemental (Depths:3)
  71 dancing weapons
  A human (D:10)
  2 wights
  A killer bee (D:7)
  An orc (Elf:3)
  5 ball lightnings (Depths:3)
173 creatures vanquished.

Grand Total: 2709 creatures vanquished

Notes
Turn   | Place    | Note
-------+----------+-------------------------------------------
     0 | D:1      | jestert79 the Draconian Brigand began the quest for the
                  | Orb.
     0 | D:1      | Reached XP level 1. HP: 17/17 MP: 1/1
    31 | D:1      | Reached skill level 1 in Dodging
    97 | D:1      | Reached XP level 2. HP: 24/24 MP: 2/2
   343 | D:1      | Found Ose Gyde's General Store.
   394 | D:1      | Reached skill level 1 in Polearms
   455 | D:1      | Reached XP level 3. HP: 29/29 MP: 3/3
  1096 | D:2      | Reached XP level 4. HP: 36/36 MP: 4/4
  1804 | D:3      | Found a runed translucent door.
  1809 | D:3      | Noticed Azoth's ghost (amateur DEGl)
  1875 | D:3      | Noticed Terence
  1885 | D:3      | Killed Terence
  1903 | D:3      | Reached XP level 5. HP: 41/41 MP: 5/5
  2067 | D:3      | Found a white marble altar of Elyvilon.
  2146 | D:3      | Noticed Natasha
  2161 | D:3      | Killed Natasha
  2281 | D:3      | Noticed Natasha
  2392 | D:3      | Killed Natasha
  2393 | D:3      | Reached skill level 5 in Polearms
  2600 | D:3      | Noticed Natasha
  2640 | D:3      | Killed Natasha
  2659 | D:3      | Got Puleapim's Book of Lightning
  2685 | D:4      | Noticed an ogre
  2736 | D:4      | Killed an ogre
  2737 | D:4      | Reached XP level 6. HP: 48/48 MP: 6/6
  3103 | D:4      | Found an ornate altar of the Wu Jian Council.
  3110 | D:4      | Found a sparkling altar of Nemelex Xobeh.
  3113 | D:4      | Found a hazy altar of Hepliaklqana.
  3113 | D:4      | Found a glowing silver altar of Zin.
  3120 | D:4      | Found an opulent altar of Gozag.
  3537 | D:5      | Entered Level 5 of the Dungeon
  3537 | D:5      | Noticed Menkaure
  3813 | D:4      | Your scales start taking on a rich purple colour.
  3813 | D:4      | Reached XP level 7. HP: 56/56 MP: 7/7
  3816 | D:4      | Learned a level 2 spell: Mercury Vapours
  3821 | D:5      | Reached skill level 1 in Evocations
  3967 | D:5      | Killed Menkaure
  4214 | D:5      | Found a runed translucent door.
  4215 | D:5      | Noticed Crazy Yiuf
  4244 | D:5      | Found Loummeg's Weapon Shop.
  4249 | D:5      | Bought a +5 trident of freezing for 466 gold pieces
  4453 | D:5      | Found Niony's Assorted Antiques.
  4459 | D:5      | Found Abad's Armour Emporium.
  4487 | D:5      | Reached XP level 8. HP: 66/66 MP: 8/8
  4488 | D:5      | Found Buxew's Distillery.
  4581 | D:5      | Found Eblenor's General Store.
  4634 | D:5      | Found a transporter.
  4637 | D:5      | Noticed hikkokomori's ghost (novice TrFi)
  4940 | D:5      | Killed Crazy Yiuf
  4973 | D:6      | Noticed Maggie
  4987 | D:6      | Killed Maggie
  4988 | D:6      | Reached skill level 1 in Spellcasting
  5077 | D:6      | Found a staircase to the Ecumenical Temple.
  5091 | Temple   | Entered the Ecumenical Temple
  5098 | Temple   | Became a worshipper of Sif Muna the Loreminder
  5141 | D:6      | Reached skill level 2 in Spellcasting
  5840 | D:6      | Found Rac Rufy's Jewellery Boutique.
  6454 | D:7      | Reached skill level 3 in Spellcasting
  6454 | D:7      | Reached skill level 1 in Shields
  6454 | D:7      | Reached XP level 9. HP: 70/71 MP: 13/13
  6462 | D:7      | Noticed a komodo dragon
  6602 | D:7      | Noticed Prince Ribbit
  6612 | D:7      | Killed Prince Ribbit
  6643 | D:7      | Reached * piety under Sif Muna
  6761 | D:5      | Bought a scroll of identify for 20 gold pieces
  6937 | D:7      | Reached skill level 5 in Shields
  6943 | D:7      | Learned a level 5 spell: Irradiate
  7195 | D:7      | Reached skill level 1 in Conjurations
  7594 | D:7      | Killed a komodo dragon
  7595 | D:7      | Reached skill level 5 in Fighting
  7616 | D:7      | Found an iron altar of Okawaru.
  7949 | D:8      | Reached skill level 5 in Alchemy
  8059 | D:8      | Noticed Grum
  8077 | D:8      | Killed Grum
  8078 | D:8      | Reached XP level 10. HP: 81/81 MP: 14/14
  8136 | D:8      | Reached ** piety under Sif Muna
  8617 | D:5      | Bought a scroll of teleportation for 84 gold pieces
  8617 | D:5      | Bought a scroll labelled ODUCLA TINLI for 28 gold pieces
  8674 | D:8      | Found a snail-covered altar of Cheibriados.
  8674 | D:8      | Found a radiant altar of Vehumet.
  8694 | D:8      | Identified the +8 mace of Context {holy, rC++}
  9380 | D:9      | Found Qulue's Neck Hole.
  9493 | D:9      | Found a staircase to the Lair.
  9514 | D:9      | Reached skill level 5 in Dodging
  9742 | D:9      | Reached *** piety under Sif Muna
  9915 | D:9      | Noticed Joseph
  9926 | D:9      | Killed Joseph
 10351 | D:10     | Entered Level 10 of the Dungeon
 10381 | D:10     | Noticed an orc knight
 10381 | D:10     | Noticed an orc sorcerer
 10732 | D:9      | Reached skill level 5 in Conjurations
 11272 | D:9      | Reached **** piety under Sif Muna
 11379 | D:9      | Reached XP level 11. HP: 92/92 MP: 11/15
 11711 | Lair:1   | Entered Level 1 of the Lair of Beasts
 12055 | D:5      | Bought a +2 pair of gloves of stealth for 279 gold pieces
 12179 | Lair:1   | Noticed Gastronok
 12394 | Lair:1   | Killed Gastronok
 12521 | Lair:1   | Learned a level 4 spell: Cause Fear
 12694 | Lair:1   | Reached skill level 1 in Hexes
 12926 | Lair:1   | Noticed a lindwurm
 13299 | Lair:1   | Reached skill level 5 in Hexes
 14173 | Lair:1   | Reached XP level 12. HP: 56/100 MP: 17/17
 14366 | Lair:2   | Noticed an eight-headed hydra
 14465 | Lair:1   | Reached XP level 13. HP: 106/106 MP: 18/18
 14620 | Lair:2   | Found a staircase to the Shoals.
 16039 | D:10     | Found an ancient bone altar of Kikubaaqudgha.
 16299 | D:10     | Noticed Fannar
 16302 | D:10     | Reached ***** piety under Sif Muna
 17134 | Lair:3   | Reached skill level 4 in Spellcasting
 17425 | Lair:3   | Identified the +6 chain mail "Cicel" {+Inv Str+3 Dex-4}
 17656 | Lair:3   | Reached skill level 10 in Polearms
 17763 | Lair:3   | Received a gift from Sif Muna
 17764 | Lair:3   | Got Sif Muna's Directory of the Meteoric Wayfarer {god
                  | gift}
 17816 | Lair:3   | Learned a level 3 spell: Mephitic Cloud
 18032 | Lair:3   | Found a staircase to the Snake Pit.
 18874 | Lair:4   | Reached skill level 10 in Alchemy
 19319 | Lair:4   | Identified a scroll of acquirement
 19320 | Lair:4   | Acquired 429 gold pieces
 19808 | Lair:5   | Entered Level 5 of the Lair of Beasts
 19808 | Lair:5   | Found a transporter.
 20036 | Lair:5   | Found a transporter.
 20131 | Lair:5   | Reached skill level 10 in Fighting
 20231 | Lair:5   | Noticed jboons's ghost (journeyman DsAE)
 20282 | Lair:5   | Reached skill level 1 in Invocations
 20680 | Lair:5   | Reached XP level 14. HP: 121/121 MP: 16/20
 21118 | Lair:5   | Found a staircase to the Slime Pits.
 21118 | Lair:5   | Found a viscous altar of Jiyva.
 21494 | Lair:5   | Identified the +0 ring mail of Duty {^Contam rPois Will+}
 21750 | Lair:5   | Received a gift from Sif Muna
 21751 | Lair:5   | Got Sif Muna's Grimoire of the Fairies {god gift}
 21798 | Lair:5   | Learned a level 3 spell: Tukima's Dance
 23126 | Lair:5   | Reached skill level 5 in Invocations
 23437 | Lair:5   | Reached skill level 5 in Spellcasting
 23558 | Lair:5   | Identified the ring of Koul {rF+ rC- Str+6 Dex+6}
 24095 | D:10     | Killed Fannar
 25251 | D:12     | Found a gate leading to a gauntlet.
 25306 | Gauntlet | Entered a Gauntlet
 25306 | Gauntlet | Found a transporter.
 25306 | Gauntlet | Found a transporter.
 25313 | Gauntlet | Found a transporter.
 25328 | Gauntlet | Found a transporter.
 25330 | Gauntlet | Found a large runed translucent door.
 25330 | Gauntlet | Found a large runed translucent door.
 25331 | Gauntlet | Found a large runed translucent door.
 25331 | Gauntlet | Found a large runed translucent door.
 25332 | Gauntlet | Found a large runed translucent door.
 25332 | Gauntlet | Found a runed translucent door.
 25332 | Gauntlet | Found a large runed translucent door.
 25332 | Gauntlet | Found a runed translucent door.
 25332 | Gauntlet | Found a large runed translucent door.
 25332 | Gauntlet | Found a large runed translucent door.
 25333 | Gauntlet | Found a large runed translucent door.
 25333 | Gauntlet | Found a large runed translucent door.
 25336 | Gauntlet | Found a large runed translucent door.
 25336 | Gauntlet | Found a large runed translucent door.
 25338 | Gauntlet | Found a large runed translucent door.
 25338 | Gauntlet | Found a large runed translucent door.
 25338 | Gauntlet | Found a large runed translucent door.
 25340 | Gauntlet | Found a runed translucent gate.
 25340 | Gauntlet | Found a runed translucent gate.
 25340 | Gauntlet | Found a runed translucent gate.
 25342 | Gauntlet | Found a transporter.
 25353 | Gauntlet | Found a large runed translucent door.
 25355 | Gauntlet | Found a transporter.
 25410 | Gauntlet | Noticed a cacodemon
 25438 | Gauntlet | Found a transporter.
 25453 | Gauntlet | Found a transporter.
 25468 | Gauntlet | Found a transporter.
 25481 | Gauntlet | Found a transporter.
 25484 | Gauntlet | Found a transporter.
 25497 | Gauntlet | Found a transporter.
 25564 | Gauntlet | Found a transporter.
 25584 | Gauntlet | Found a transporter.
 25608 | Gauntlet | Found a transporter.
 25620 | Gauntlet | Found a transporter.
 26264 | Gauntlet | Identified the ring of Thoughtfulness {MP+9 Int+2}
 26435 | Gauntlet | Identified the +10 quarterstaff of Quantum Leap {speed,
                  | rPois rF+ rC+ Will++}
 26440 | Gauntlet | Reached skill level 6 in Spellcasting
 26565 | Gauntlet | Found the +3 pair of mountain boots {steadfast, rC+}
 26569 | Gauntlet | Got the Handbook of Fiery Coffins
 26653 | D:12     | Noticed Psyche
 26659 | D:12     | Killed Psyche
 27592 | D:12     | Found a staircase to the Orcish Mines.
 27768 | D:12     | Found a white marble altar of Elyvilon.
 27957 | D:12     | Identified the +7 whip of Zary {protect, rF+ rCorr Int+5}
 28120 | Orc:1    | Entered Level 1 of the Orcish Mines
 28407 | Orc:1    | Noticed Snorg
 28424 | Orc:1    | Killed Snorg
 28740 | D:5      | Bought 2 potions of experience for 1100 gold pieces
 28742 | D:5      | Reached skill level 10 in Shields
 28742 | D:5      | Reached XP level 15. HP: 133/133 MP: 25/25
 28743 | D:5      | Reached skill level 7 in Spellcasting
 28743 | D:5      | Reached XP level 16. HP: 139/139 MP: 25/27
 28754 | D:5      | Learned a level 5 spell: Summon Mana Viper
 28966 | Orc:1    | Received a gift from Sif Muna
 28975 | Orc:1    | Got Weqouziojeu's Incunable of Forces {god gift}
 29233 | Orc:1    | Reached XP level 17. HP: 134/146 MP: 24/28
 29412 | Orc:2    | Entered Level 2 of the Orcish Mines
 29810 | D:9      | Bought a +2 cloak of willpower for 301 gold pieces
 29958 | Orc:1    | Noticed Josephine
 29958 | Orc:1    | Found Keraimin's General Store.
 31068 | Orc:2    | Found a staircase to the Elven Halls.
 31130 | Orc:2    | Found a shimmering blue altar of Sif Muna.
 31169 | Orc:2    | Found Tiwaumar's Distillery.
 31194 | Orc:2    | Reached skill level 10 in Hexes
 31567 | Orc:2    | Found Mutoar's Magic Scroll Emporium.
 32165 | Orc:2    | Received a gift from Sif Muna
 32533 | Orc:2    | Reached skill level 5 in Summonings
 32866 | Orc:2    | Found Nonugail's Jewellery Boutique.
 32866 | Orc:2    | Found a one-way gate leading to the halls of Pandemonium.
 32866 | Orc:2    | Found Aplepnau's Antique Armour Shop.
 33302 | D:3      | Killed Azoth's ghost
 33431 | D:5      | Found a transporter.
 33518 | D:5      | Killed hikkokomori's ghost
 34155 | D:13     | Noticed Nessos
 34155 | D:13     | Noticed Rupert
 34155 | D:13     | Found a gate to the Vaults.
 34478 | D:6      | Bought an amulet of reflection for 330 gold pieces
 34936 | D:13     | Killed Rupert
 34947 | D:13     | Killed Nessos
 35702 | D:13     | Found Othuet's Weapon Shop.
 35808 | D:13     | Learned a level 5 spell: Freezing Cloud
 36077 | D:14     | Found the +6 lightning scales {swift, rElec}
 36325 | D:14     | Reached skill level 1 in Ice Magic
 36843 | D:14     | Received a gift from Sif Muna
 36876 | D:14     | Got Sif Muna's Excursus on Ill-boding Generation {god gift}
 37664 | D:14     | Reached skill level 5 in Air Magic
 37715 | D:15     | Entered Level 15 of the Dungeon
 38756 | D:15     | Found a staircase to the Depths.
 39137 | Snake:1  | Entered Level 1 of the Snake Pit
 39278 | Snake:1  | Found a glacial archway.
 39417 | Snake:1  | Reached skill level 8 in Spellcasting
 39539 | IceCv    | Entered an ice cave
 40153 | Snake:1  | Learned a level 5 spell: Yara's Violent Unravelling
 40268 | Snake:1  | Reached skill level 5 in Ice Magic
 40426 | Lair:3   | Reached XP level 18. HP: 113/154 MP: 14/30
 40969 | Snake:1  | Reached skill level 10 in Conjurations
 41114 | Snake:2  | Identified the serpent talisman "Hubaeb" {rC+ rN+}
 41114 | Snake:2  | Noticed Aizul
 41131 | Snake:2  | Killed Aizul
 41131 | Snake:2  | Received a gift from Sif Muna
 41132 | Snake:2  | Got Sif Muna's Spellbook of Friendly Snow {god gift}
 41283 | Snake:2  | Found Moamob's Antique Weapon Shoppe.
 41644 | D:5      | Bought a wand of digging (8) for 336 gold pieces
 41850 | Orc:1    | Noticed Erica
 42008 | Orc:1    | Killed Erica
 42088 | Orc:1    | Killed Josephine
 42521 | Snake:2  | Found Lobiph's Antique Armour Emporium.
 42612 | Snake:2  | Found a broken altar of Ashenzari.
 42619 | Snake:2  | Found Faanuc's Antique Armour Shop.
 42955 | Snake:2  | Found Hakaotod's Armour Boutique.
 42955 | Snake:2  | Found Nure's Antique Armour Shop.
 43000 | Snake:2  | Found Lutuc's Antique Weapon Emporium.
 43041 | Snake:2  | Found Paufacom's General Store.
 44666 | Snake:2  | Bought an embroidered hat for 266 gold pieces
 46746 | Snake:3  | Received a gift from Sif Muna
 46753 | Snake:3  | Got Owagiamm's Book of Spatial Reconfiguration {god gift}
 47183 | Snake:4  | Entered Level 4 of the Snake Pit
 47262 | Snake:4  | Found Foeggischi's Jewellery Shop.
 47262 | Snake:4  | Found Boewocwo's Book Emporium.
 47263 | Snake:4  | Found Tobexaf's Book Emporium.
 48760 | Snake:4  | Reached XP level 19. HP: 147/161 MP: 10/31
 48989 | Snake:4  | Reached skill level 9 in Spellcasting
 50631 | Snake:4  | Got a serpentine rune of Zot
 50766 | Snake:4  | Upgraded the game from 0.32-a0-172-gc5dd13f2a7 to
                  | 0.32-a0-290-g598725c5f2
 50894 | Shoals:1 | Entered Level 1 of the Shoals
 51428 | Shoals:1 | Found Inooh's General Store.
 52182 | Shoals:2 | Learned a level 4 spell: Olgreb's Toxic Radiance
 52206 | Shoals:2 | Reached skill level 10 in Spellcasting
 52414 | Shoals:2 | Received a gift from Sif Muna
 52415 | Shoals:2 | Got Sif Muna's Grimoire of Gaseous Sidekicks {god gift}
 53781 | Shoals:3 | Noticed Polyphemus
 53795 | Shoals:3 | Killed Polyphemus
 54520 | Shoals:2 | Learned a level 7 spell: Enfeeble
 54626 | Shoals:3 | Found Umihusoik's Assorted Antiques.
 55306 | Shoals:4 | Entered Level 4 of the Shoals
 55312 | Shoals:4 | Reached skill level 11 in Spellcasting
 55315 | Shoals:4 | Reached skill level 10 in Invocations
 55783 | Shoals:4 | Received a gift from Sif Muna
 56207 | Shoals:4 | Identified the +6 chain mail of Death Resistance {Slay+4
                  | Stlth+}
 56238 | Shoals:4 | Reached XP level 20. HP: 95/169 MP: 1/35
 56384 | Shoals:4 | Got a barnacled rune of Zot
 58190 | Shoals:4 | Identified the staff of Fragile Peace {rC- rN+++ Int-4
                  | Stlth+ Conj}
 58495 | Vaults:1 | Entered Level 1 of the Vaults
 58517 | Vaults:1 | Found Niosi's Antique Armour Shoppe.
 59677 | Vaults:1 | Reached skill level 12 in Spellcasting
 59677 | Vaults:1 | Reached skill level 15 in Hexes
 59807 | Vaults:1 | Received a gift from Sif Muna
 60660 | Vaults:1 | Found Rinietei's Antique Weapon Boutique.
 60683 | Vaults:1 | Found Laikhliti's Weapon Boutique.
 61175 | Vaults:1 | Paralysed by a formless jellyfish for 1 turns
 62599 | Vaults:2 | Received a gift from Sif Muna
 62862 | Orc:2    | Bought a scroll of acquirement for 676 gold pieces
 62864 | Orc:2    | Acquired 747 gold pieces
 63146 | Shoals:1 | Bought a scroll of acquirement for 676 gold pieces
 63146 | Shoals:1 | Acquired the +3 hat of Unambiguity {Regen+ Dex+3}
 63516 | Vaults:2 | Got Sif Muna's Compilation of the Fifth Circle {god gift}
 63633 | Vaults:2 | Paralysed by a formless jellyfish for 1 turns
 64731 | Vaults:2 | Found a glowing silver altar of Zin.
 66457 | Vaults:3 | Reached XP level 21. HP: 171/177 MP: 17/37
 66766 | Vaults:3 | Received a gift from Sif Muna
 66777 | Vaults:3 | Got Sif Muna's Compendium of Henotheism {god gift}
 68088 | Vaults:3 | Learned a level 8 spell: Discord
 68305 | Vaults:3 | Acquired 956 gold pieces
 68308 | Vaults:3 | Identified the +2 cloak "Weusm" {^Drain Will+ Int+5}
 68672 | Shoals:1 | Bought a scroll of acquirement for 676 gold pieces
 68672 | Shoals:1 | Acquired 637 gold pieces
 69224 | Vaults:1 | Bought the +3 warlock's mirror {omnireflect} for 1160 gold
                  | pieces
 69224 | Vaults:1 | Found the +3 warlock's mirror {omnireflect}
 69325 | Vaults:3 | Found a staircase to the Crypt.
 69659 | Vaults:4 | Received a gift from Sif Muna
 69663 | Vaults:4 | Reached skill level 10 in Dodging
 69668 | Vaults:4 | Reached skill level 13 in Spellcasting
 70375 | Vaults:4 | Identified the +1 robe "Ibbueh" {Str+5}
 72222 | Vaults:4 | Received a gift from Sif Muna
 72637 | Vaults:4 | Reached ****** piety under Sif Muna
 72873 | Elf:1    | Entered Level 1 of the Elven Halls
 72884 | Elf:1    | Paralysed by an air elemental for 1 turns
 74489 | Elf:2    | Reached skill level 14 in Spellcasting
 74572 | Elf:2    | Paralysed by an air elemental for 1 turns
 74816 | Elf:2    | Reached XP level 22. HP: 189/189 MP: 23/40
 74887 | Elf:2    | Found Daaseasch's Elven Fire.
 75067 | Elf:2    | Received a gift from Sif Muna
 75196 | Elf:2    | Found a runed translucent gate.
 75196 | Elf:2    | Found a runed translucent gate.
 75196 | Elf:2    | Found a runed translucent gate.
 75543 | Elf:3    | Entered Level 3 of the Elven Halls
 75553 | Elf:3    | Noticed Saint Roka
 75923 | Elf:3    | Noticed Louise
 75957 | Elf:3    | Killed Saint Roka
 75959 | Elf:3    | Killed Louise
 76274 | Elf:3    | Noticed Nikola
 76291 | Elf:3    | Killed Nikola
 76358 | Elf:3    | Noticed Donald
 76374 | Elf:3    | Killed Donald
 76728 | Elf:3    | Identified the +1 scale mail "Pimeoh" {rF+ rN+ Dex+3
                  | Slay-2}
 76927 | Elf:3    | Identified the +7 short sword "Gugec" {holy, Will- Str+7}
 76927 | Elf:3    | Identified the amulet "Atzow" {Faith SInv}
 77115 | Elf:3    | Identified the +5 great sword "Bagyh" {heavy, *Rage rPois
                  | rCorr Int+3} (You took it off a deep elf zephyrmancer on
                  | level 3 of the Elven Halls)
 77184 | Elf:3    | Identified the +7 halberd "Loexuthro" {drain, rN+ Int+2
                  | Dex-4}
 77283 | Elf:3    | Identified the +6 chain mail of Sif Muna, Changing {Rampage
                  | rC- Dex+8}
 77794 | Elf:3    | Identified the +1 pair of boots "Tigyek" {Slay+3}
 77914 | Elf:3    | Identified the staff "Lerhihel" {rF+ rN++ rCorr Dex-2 Tloc
                  | Fire}
 78460 | Depths:1 | Entered Level 1 of the Depths
 78776 | Depths:1 | Received a gift from Sif Muna
 78789 | Depths:1 | Got Sif Muna's Compendium of the Grounded Sky {god gift}
 79522 | Depths:1 | Identified the staff "Woastam" {rElec rCorr Int+3 Dex+2
                  | Stlth- Air}
 79523 | Depths:1 | Identified the +0 glaive of Truncation {flame, +Blink Str+5
                  | Stlth-}
 79568 | Depths:1 | Found the +7 great mace "Undeadhunter" {deathbane, rN+}
 79757 | Depths:1 | Identified the ring "Fini" {Ice Int+3 Slay+2}
 80572 | Depths:1 | Reached skill level 15 in Spellcasting
 80747 | Depths:1 | Found a gateway to Hell.
 81127 | Depths:1 | Found a one-way gate to the infinite horrors of the Abyss.
 81823 | Depths:1 | Reached skill level 16 in Spellcasting
 81831 | Depths:1 | Learned a level 7 spell: Orb of Destruction
 82148 | Depths:2 | Received a gift from Sif Muna
 82749 | Depths:2 | Identified the +3 robe of the Demon Prince {Int+6}
 82749 | Depths:2 | Noticed Boris
 82770 | Depths:2 | Killed Boris
 83496 | Depths:3 | Reached XP level 23. HP: 90/196 MP: 34/43
 83777 | Depths:3 | Identified the +0 buckler of the Iron Devil {Will+ Str+2
                  | Int-2}
 84296 | Depths:3 | Paralysed by an air elemental for 1 turns
 84302 | Depths:3 | Paralysed by an air elemental for 1 turns
 84305 | Depths:3 | Paralysed by an air elemental for 1 turns
 84380 | Depths:3 | Paralysed by an air elemental for 1 turns
 84789 | Depths:3 | Found the +7 mace of Variability {chaos, chaos arc}
 84808 | Depths:3 | Found a one-way gateway to a ziggurat.
 84852 | Depths:3 | Identified the +2 lajatang of the Pyrrhic Victory {freeze,
                  | Str+3}
 85041 | Depths:3 | Received a gift from Sif Muna
 85045 | Depths:3 | Reached skill level 15 in Conjurations
 85564 | Depths:3 | Paralysed by an air elemental for 1 turns
 85636 | Depths:3 | Found the necklace of Bloodlust {Fury *Rage Will++ Int-3
                  | Slay+6}
 86066 | Depths:4 | Entered Level 4 of the Depths
 86084 | Depths:4 | Reached skill level 15 in Fighting
 87696 | Orc:2    | Bought a scroll of enchant weapon for 97 gold pieces
 87696 | Orc:2    | Bought 2 scrolls of revelation for 195 gold pieces
 88278 | Depths:4 | Found a broken altar of Ashenzari.
 88416 | Depths:4 | Found Dadoep's Antique Weapon Emporium.
 89474 | Depths:4 | Received a gift from Sif Muna
 89475 | Depths:4 | Got Sif Muna's Monograph on Peregrination {god gift}
 89810 | Depths:4 | Found a gate to the Realm of Zot.
 90295 | Crypt:1  | Entered Level 1 of the Crypt
 90706 | Crypt:1  | Identified the +2 robe of the Elven Halls {rF+ rC+ Will+}
 90706 | Crypt:1  | Noticed Boris
 90745 | Crypt:1  | Killed Boris
 91380 | Crypt:2  | Received a gift from Sif Muna
 91381 | Crypt:2  | Got Sif Muna's Tome of Corpses and Haze {god gift}
 91620 | Crypt:2  | Noticed Xtahua
 91644 | Crypt:2  | Killed Xtahua
 91742 | Crypt:1  | Found an ancient bone altar of Kikubaaqudgha.
 91946 | Crypt:2  | Reached XP level 24. HP: 196/212 MP: 32/43
 92859 | Crypt:2  | Reached skill level 17 in Spellcasting
 93535 | Crypt:3  | Entered Level 3 of the Crypt
 94025 | D:1      | Bought a phantom mirror for 480 gold pieces
 94128 | D:5      | Bought 2 potions of resistance for 220 gold pieces
 94128 | D:5      | Bought a potion of brilliance for 44 gold pieces
 94128 | D:5      | Bought 2 potions of haste for 220 gold pieces
 94342 | Orc:2    | Bought a scroll of teleportation for 39 gold pieces
 94342 | Orc:2    | Bought a scroll of teleportation for 39 gold pieces
 94342 | Orc:2    | Bought a scroll of teleportation for 39 gold pieces
 94577 | D:5      | Bought a potion of resistance for 100 gold pieces
 95459 | Crypt:3  | Reached skill level 5 in Stealth
 96241 | Crypt:3  | Received a gift from Sif Muna
 96254 | Crypt:3  | Upgraded the game from 0.32-a0-290-g598725c5f2 to
                  | 0.32-a0-306-gfed3edf829
 97398 | Crypt:3  | Got the Almanac of Death
 97412 | Crypt:3  | Identified the +9 longbow of Wanimeag {drain, rC+ Str+3}
 97455 | Crypt:3  | Identified the +5 great mace of Nolo Contendere {heavy,
                  | rN++ Str+3 Int+2}
 97607 | Crypt:3  | Identified the +8 scimitar of Puaxakal {protect, Will+ MP+9
                  | SInv}
 97716 | Crypt:3  | Found a staircase to the Tomb.
 98165 | Lair:5   | Received a gift from Sif Muna
 98184 | Lair:5   | Killed jboons's ghost
 98631 | Vaults:5 | Entered Level 5 of the Vaults
 98635 | Vaults:5 | Reached skill level 18 in Spellcasting
 99170 | Vaults:5 | Reached skill level 19 in Spellcasting
 99177 | Vaults:5 | Received a gift from Sif Muna
 99178 | Vaults:5 | Got Sif Muna's Lessons on Volcanic Forces {god gift}
 99709 | Vaults:5 | Reached skill level 20 in Spellcasting
 99793 | Vaults:5 | Learned a level 8 spell: Maxwell's Capacitive Coupling
 99807 | Vaults:5 | Reached skill level 10 in Air Magic
100217 | Vaults:5 | Reached XP level 25. HP: 222/222 MP: 47/47
100298 | Vaults:5 | Got a silver rune of Zot
100581 | Vaults:5 | Noticed an ancient lich
100602 | Vaults:5 | Killed an ancient lich
101104 | Vaults:5 | Identified the +1 pair of boots "Cytitwai" {Dex+5}
101112 | Vaults:5 | Identified the +0 pair of boots of Duomorog {rCorr}
101257 | Vaults:5 | Noticed an ancient lich
101284 | Vaults:5 | Killed an ancient lich
101946 | Vaults:5 | Received a gift from Sif Muna
102166 | Vaults:5 | Identified the staff of the Heart {Fly rC+ Dex+2 Ice}
103198 | Slime:1  | Entered Level 1 of the Pits of Slime
104936 | Slime:3  | Reached skill level 15 in Air Magic
105208 | Slime:3  | Received a gift from Sif Muna
106360 | Slime:5  | Entered Level 5 of the Pits of Slime
106380 | Slime:5  | Paralysed by a formless jellyfish for 1 turns
106806 | Slime:5  | Learned a level 2 spell: Blink
107217 | Slime:5  | Found a viscous altar of Jiyva.
107217 | Slime:5  | Found the +4 consecrated labrys {holy, Valiant ^Fragile Fly
                  | SInv}
107272 | Slime:5  | Noticed the Royal Jelly
107279 | Slime:5  | Killed the Royal Jelly
107651 | Slime:5  | Identified the staff of Plog {rC+ Conj Tloc Ice}
107680 | Slime:5  | Identified the +5 dagger "Soamib" {vamp, *Rage rF- rC+++
                  | rCorr}
107682 | Slime:5  | Got a slimy rune of Zot
107706 | Slime:5  | Identified the amulet of Sivelyet {Fly rC+ Regen+ Str-4
                  | Int+2}
107717 | Slime:5  | Identified the staff of Irksome Action {+Blink rElec Stlth+
                  | Air}
107749 | Slime:5  | Identified the +1 leather armour "Vepholea" {rElec Regen+
                  | Dex+2}
108276 | Zot:1    | Entered Level 1 of the Realm of Zot
108411 | Zot:1    | Received a gift from Sif Muna
108841 | Zot:1    | Gained mutation: You are dopey. (Int -2) [mutagenic glow]
109135 | Zot:1    | Reached XP level 26. HP: 135/231 MP: 13/47
110397 | Zot:2    | Noticed an ancient lich
110452 | Zot:2    | Killed an ancient lich
111038 | Zot:2    | Noticed a dread lich
111051 | Zot:2    | Killed a dread lich
111129 | Zot:2    | Gained mutation: You are vulnerable to heat. (rF-)
                  | [mutagenic glow]
111140 | Zot:1    | Gained mutation: You are very vulnerable to heat. (rF--)
                  | [mutagenic glow]
111153 | Zot:1    | Gained mutation: You occasionally shout uncontrollably at
                  | your foes. [mutagenic glow]
111229 | Zot:1    | Lost mutation: You are dopey. (Int -2) [potion of mutation]
111229 | Zot:1    | Lost mutation: You occasionally shout uncontrollably at
                  | your foes. [potion of mutation]
111229 | Zot:1    | Gained mutation: Your mind is acute. (Int +4, Str/Dex -1)
                  | [potion of mutation]
111229 | Zot:1    | Gained mutation: Your system is resistant to poisons.
                  | (rPois) [potion of mutation]
111230 | Zot:1    | Lost mutation: You are very vulnerable to heat. (rF--)
                  | [potion of mutation]
111230 | Zot:1    | Lost mutation: You are vulnerable to heat. (rF-) [potion of
                  | mutation]
111230 | Zot:1    | Gained mutation: Your magical capacity is low. (-10% MP)
                  | [potion of mutation]
111230 | Zot:1    | Lost mutation: Your mind is acute. (Int +4, Str/Dex -1)
                  | [potion of mutation]
112107 | Zot:2    | Reached skill level 21 in Spellcasting
112467 | Zot:2    | Learned a level 6 spell: Summon Cactus Giant
113429 | Zot:2    | Identified the amulet of Goadwo {Reflect rElec Regen+ Str+3
                  | Int+2 SH+5}
114506 | Zot:3    | Identified the ring of the Eight Visions {*Slow Str+6 SInv}
114724 | Zot:3    | Reached skill level 10 in Summonings
116111 | Zot:4    | Found a transporter.
116113 | Zot:4    | Found a transporter.
116113 | Zot:4    | Identified the +1 cloak "Apteuzal" {Will+}
116122 | Zot:4    | Identified the +0 cloak "Fer Fymp" {Harm +Blink rPois}
116124 | Zot:4    | Noticed Tiejaxt's ghost (master TeAE)
116162 | Zot:4    | Found a bloodstained altar of Trog.
116359 | Zot:4    | Noticed Vv
116403 | Zot:4    | Killed Vv
117183 | Zot:5    | Entered Level 5 of the Realm of Zot
118004 | Elf:2    | Bought a ring of protection from fire for 375 gold pieces
118675 | Zot:5    | Reached XP level 27. HP: 221/244 MP: 37/43
118990 | Zot:5    | Noticed an orb of fire
119015 | Zot:5    | Gained mutation: You occasionally lose the ability to drink
                  | potions when taking damage. [an orb of fire]
119018 | Zot:5    | Killed an orb of fire
119065 | Zot:4    | Lost mutation: Your system is resistant to poisons. (rPois)
                  | [potion of mutation]
119065 | Zot:4    | Lost mutation: You occasionally lose the ability to drink
                  | potions when taking damage. [potion of mutation]
119065 | Zot:4    | Lost mutation: Your magical capacity is low. (-10% MP)
                  | [potion of mutation]
119065 | Zot:4    | Gained mutation: Your tail ends in a venomous barb. [potion
                  | of mutation]
119065 | Zot:4    | Gained mutation: Your large and strong wings let you fly.
                  | [potion of mutation]
119413 | Zot:5    | Noticed a dread lich
119433 | Zot:5    | Killed a dread lich
119643 | Zot:5    | Noticed an orb of fire
119652 | Zot:5    | Killed an orb of fire
119862 | Zot:5    | Noticed a dread lich
120062 | Zot:5    | Killed a dread lich
120164 | Zot:5    | Noticed an orb of fire
120177 | Zot:5    | Killed an orb of fire
120337 | Zot:5    | Noticed a dread lich
120342 | Zot:5    | Killed a dread lich
120343 | Zot:5    | Reached skill level 22 in Spellcasting
120520 | Zot:5    | Noticed an orb of fire
120528 | Zot:5    | Killed an orb of fire
120782 | Zot:5    | Got the Orb of Zot
120856 | Zot:4    | Noticed Dopid the pandemonium lord
120935 | Zot:2    | Noticed Woegg the pandemonium lord
121264 | D:12     | Noticed Vuezegun the pandemonium lord
121338 | D:10     | Noticed Vojiescha the pandemonium lord
121422 | D:9      | Noticed Quveasm the pandemonium lord
121614 | D:$      | Escaped with the Orb!

Illustrated notes

Levels and vault maps discovered:
D:1:      saegor_arrival_under_anarchy, layout_basic, serial_shops,
          nicolae_shop_tiny_statue_garden
D:2:      minmay_wonky_spiral, layout_rooms, dreamdust_wishing_well,
          minmay_misc_feat_rugged, chequers_arboretum, minmay_misc_feat_chi,
          kennysheep_flooded_box
D:3:      layout_basic, amcnicky_altar_gilded, ebering_ghost_sewer_d,
          uniq_natasha, uniq_terence
D:4:      layout_loops_cross, nicolae_overflow_hallway_of_the_gods
D:5:      layout_rooms, gammafunk_ghost_mausoleum, serial_shops,
          kennysheep_little_box, shop, nicolae_diamond_shop, shop, shop,
          grunt_ministairs_11, goddamned_bats, uniq_crazy_yiuf_cottage,
          uniq_menkaure
D:6:      layout_loops_ring, minmay_temple_entry_overgrown, serial_shops,
          nicolae_shop_behind_doors, uniq_maggie
D:7:      layout_basic, kennysheep_okawaru_gauntlet, grunt_ministairs_6,
          minmay_manual_mess, uniq_prince_ribbit1
D:8:      layout_cave_pools, gammafunk_temple_overflow_statue,
          serial_gnoll_camp, grums_kennel, gnoll_camp_mini_hut,
          gnoll_camp_mini_loothouse, gnoll_camp_mini_sergeant,
          kennysheep_cross_room
D:9:      layout_gridville, david_lair_shrubbed, special_room
          [special_room_bee], palyth_stone_intersect,
          nicolae_shop_sticking_my_neck_out, uniq_joseph
D:10:     layout_long_grid, tgw_kikubaaqudgha, uniq_fannar
D:11:     layout_irregular_city, david_defended_altar_orc
D:12:     layout_loops_ring, erik_orc_3, gauntlet_entry_generic,
          elyvilon_altar_1, uniq_psyche
D:13:     layout_loops_ring, david_vaults_3, serial_shops, shop
D:14:     layout_roguey, nrook_uturn
D:15:     gammafunk_enter_depths_forms, layout_cave_pools
Temple:   nicolae_temple_no_exploring_needed
Lair:1:   layout_cave_pods, nicolae_lair_lindhole, grunt_megastairs_4,
          uniq_gastronok
Lair:2:   layout_cave_pods, shoals_dummy_entry, lemuel_fruit_fields,
          grunt_megastairs_5
Lair:3:   layout_cave_pods, dummy_snake_entry
Lair:4:   layout_gridlike, serial_bayou_shore_a
Lair:5:   grunt_lair_end_beastmaster, layout_gridlike, slime_entry_1,
          nzn_ghost_randoct
Shoals:1: layout_shoals, serial_shops, nicolae_diamond_shop, overgrown_tower
Shoals:2: layout_shoals
Shoals:3: layout_shoals, serial_shops, shop, uniq_polyphemus
Shoals:4: shoals_end_hangedman, layout_shoals
Snake:1:  nicolae_snake_hallway, layout_grid_shapes,
          portal_ice_cave_entry_ice_statue_two
Snake:2:  layout_misc_corridors, basic_altar, serial_shops, nicolae_shop_trees,
          nicolae_shop_real_fake_doors, nicolae_square_shop, shop,
          nicolae_shop_crystal, minmay_shoptagon, uniq_aizul
Snake:3:  nicolae_cobra_stairs, layout_chambers, nicolae_triple_integral
Snake:4:  snake_pit, layout_onion_interference, minmay_shop_grove
Slime:1:  cheibrodos_slime_lost_civilization_3, layout_caves
Slime:2:  layout_caves, nicolae_slime_welcoming_committee
Slime:3:  cheibrodos_slime_lost_civilization_9, layout_caves
Slime:4:  layout_caves
Slime:5:  slime_pit
Orc:1:    layout_caves, serial_shops, shop, uniq_snorg, uniq_erica,
          uniq_josephine
Orc:2:    pf_orc_diabolical, layout_caves, kennysheep_orc_sif_temple
Elf:1:    nicolae_elf_arrival_aired_out, layout_onion_city,
          hangedman_corner_corridor
Elf:2:    nicolae_elf_blades_crystal_corner, layout_loops_corners,
          serial_sigils, serial_sigils_hangedman_shear,
          serial_sigils_hangedman_leer, serial_sigils_hangedman_writhe,
          serial_sigils_hangedman_gut, guppyfry_elf_lava
Elf:3:    grunt_elf_hall_diamonds, layout_geoelf_castle,
          serial_library_hellmonk_recessed_alcove, uniq_louise, uniq_nikola,
          uniq_saint_roka, uniq_donald
Vaults:1: nicolae_vaults_closet_pinwheel_5, ontoclasm_vaults_bender, v_misc_12,
          nicolae_vaults_offset_grid_hallway_4, nicolae_vaults_surprise_closet,
          nicolae_vaults_hexular_roomagon, nicolae_vaults_rhombus_7,
          ontoclasm_vaults_ring_small, nicolae_vaults_stepped_doors,
          layout_vaults_omnicross, serial_shops, shop, shop,
          nicolae_shop_rolling_square
Vaults:2: vaults_dpeg_encased_lava, v_misc_5, nicolae_vaults_meiosis,
          lemuel_angel_altar, nicolae_vaults_triangles,
          ontoclasm_vaults_decontamination, hangedman_vaults_trim, v_misc_3,
          nicolae_vaults_offset_grid_hallway_3, vaults_room_fancy_cross,
          nicolae_vaults_surprise_closet, layout_vaults_ring
Vaults:3: vaults_dpeg_ring, nicolae_vaults_loss_of_containment,
          hangedman_vaults_variations, vaults_room_door_hall,
          blue_anna_dwarven_crypt, v_misc_27, nicolae_vaults_network_barrier,
          grunt_vaults_swirl, v_misc_4, nicolae_vaults_little_squares_4,
          layout_vaults_maze_bifur
Vaults:4: vaults_mumra_hex, nicolae_vaults_little_squares_4,
          nicolae_vaults_tangent_ellipses, nicolae_vaults_more_shelving_1,
          ontoclasm_vaults_twist, nicolae_vaults_storage_closets_3,
          nicolae_vaults_stairing_the_circle, vaults_room_stairs_pillars,
          v_pattern_3, v_rooms_6, v_misc_23, serial_ice_g,
          layout_vaults_omnibox, serial_glass
Vaults:5
Crypt:1:  layout_gridlike, serial_library_hellmonk_room_a,
          lemuel_upstairs_altar, grunt_crypt_arrival_guarded_gate
Crypt:2:  layout_catacombs, uniq_xtahua
Crypt:3:  due_elkab, layout_chaotic_city, nicolae_tomb_entry_rubble_hallway,
          hangedman_weighted_door, serial_sigils_hangedman_quiver
Depths:1: layout_gridlike, grunt_mini_vestibule, abyss_entry,
          minmay_fire_ice_demons, grunt_megastairs_1
Depths:2: nicolae_cairo_tiling_large_dashed, layout_honeycomb, glass_columns_a,
          pan_entry, hell_entry, uniq_boris
Depths:3: radiant_caverns_b_rkd, abyss_entry, hell_entry
Depths:4: grunt_zot_entry_bicorn, layout_cave_pools, grunt_hell_entry_dis_grunt,
          nicolae_figureground_sparkle, serial_shops, nicolae_diamond_shop,
          nicolae_ashenzari_skybound
Zot:1:    layout_cathedral_of_symmetry, regret_index_zotdec_silver_v_v_loose,
          uniq_josephina
Zot:2:    hellmonk_crystal_mountain, layout_gridlike,
          hangedman_zot_decor_checkerboard
Zot:3:    layout_basic, regret_index_zotdec_plus
Zot:4:    layout_gridville, gammafunk_ghost_wrathful_warriors,
          regret_index_zot_stipple_split, st_small_dragon_hoard_1, uniq_vv
Zot:5:    layout_onion

Skill      XL: |  1  2  3  4  5  6  7  8  9 10 11 12 13 14 15 16 17 18 19 20 21 22 23 24 25 26 27 |
---------------+----------------------------------------------------------------------------------+-----
Dodging        | 1 2 4 5 6 7 8 9 10 11 12 13 14 | 14.0
Stealth        | 4 6 |  6.4
Polearms       | 1 2 4 5 6 7 9 10 11 12 13 14 | 14.0
Throwing       | 2 |  2.0
Evocations     | 2 3 4 |  4.1
Fighting       | 3 5 7 10 12 14 16 17 19 20 | 20.2
Spellcasting   | 3 4 6 7 8 11 12 14 16 20 21 22 | 22.3
Air Magic      | 4 6 9 10 17 18 | 18.5
Alchemy        | 4 5 6 7 9 10 | 10.2
Shields        | 1 5 6 10 12 | 12.4
Conjurations   | 2 5 6 8 9 11 13 15 | 15.2
Hexes          | 6 8 9 11 14 17 19 20 21 | 21.2
Invocations    | 2 6 7 10 11 12 13 | 13.4
Summonings     | 2 3 7 10 | 10.0
Ice Magic      | 5 9 |  9.0
Short Blades   | |  2.5

Action                     |  1- 3 |  4- 6 |  7- 9 | 10-12 | 13-15 | 16-18 | 19-21 | 22-24 | 25-27 || total
---------------------------+-------+-------+-------+-------+-------+-------+-------+-------+-------++-------
  Melee: Dagger            |    13 |    15 |       |       |       |       |       |       |       ||    28
         Tailslap          |     1 |    13 |    25 |    49 |   161 |   194 |   359 |   436 |   180 ||  1418
         Spear             |       |    40 |       |       |       |       |       |       |       ||    40
         Trident           |       |    33 |   253 |   428 |   874 |  1250 |  1604 |   863 |       ||  5305
         Bo                |       |       |       |       |       |       |       |    16 |       ||    16
         Demon trident     |       |       |       |       |       |       |       |  1028 |   910 ||  1938
   Fire: Sling             |    83 |   120 |     4 |       |       |       |       |       |       ||   207
  Throw: Dart              |       |    17 |    57 |   106 |    86 |    14 |     1 |     4 |       ||   285
         Javelin           |       |       |     5 |     3 |     6 |       |       |       |       ||    14
         Boomerang         |       |       |     2 |    13 |    44 |    50 |    28 |     5 |     3 ||   145
   Cast: Mercury Vapours   |       |       |       |    90 |   143 |    49 |    10 |       |       ||   292
         Irradiate         |       |       |       |     1 |    40 |    41 |    57 |    83 |    65 ||   287
         Mephitic Cloud    |       |       |       |       |    36 |    40 |    22 |    20 |     2 ||   120
         Tukima's Dance    |       |       |       |       |    21 |   162 |   147 |    45 |    29 ||   404
         Summon Mana Viper |       |       |       |       |       |    43 |    68 |    82 |    32 ||   225
         Yara's Violent Un |       |       |       |       |       |    15 |    33 |    39 |    25 ||   112
         Freezing Cloud    |       |       |       |       |       |    45 |   156 |    49 |    52 ||   302
         Olgreb's Toxic Ra |       |       |       |       |       |       |    99 |    20 |       ||   119
         Enfeeble          |       |       |       |       |       |       |    43 |    89 |    64 ||   196
         Discord           |       |       |       |       |       |       |     5 |    46 |    67 ||   118
         Orb of Destructio |       |       |       |       |       |       |       |    82 |   157 ||   239
         Maxwell's Capacit |       |       |       |       |       |       |       |       |    12 ||    12
         Summon Cactus Gia |       |       |       |       |       |       |       |       |     8 ||     8
Ability: Breathe Dispellin |       |       |    11 |     5 |     1 |     1 |       |       |       ||    18
  Evoke: Wand              |       |     6 |    19 |    16 |    13 |     8 |     7 |    15 |    26 ||   110
         Sack of spiders   |       |       |       |       |       |       |     1 |       |     1 ||     2
         Lightning rod     |       |       |       |       |       |       |       |     3 |       ||     3
         Condenser vane    |       |       |       |       |       |       |       |       |     1 ||     1
    Use: Potion            |       |     1 |       |     4 |     5 |       |     2 |     8 |    18 ||    38
         Scroll            |       |       |    16 |     7 |     9 |     3 |     9 |     9 |     3 ||    56
   Stab: Sleeping          |     1 |       |    10 |     2 |     2 |     6 |     5 |    13 |       ||    39
         Invisible         |       |       |       |     4 |     1 |       |    21 |    53 |    24 ||   103
         Distracted        |       |       |       |     1 |     5 |     6 |    13 |    13 |     4 ||    42
         Confused          |       |       |       |       |    33 |    17 |     8 |     8 |     1 ||    67
         Held in net/web   |       |       |       |       |       |       |       |       |     2 ||     2
 Armour: Skin              |    24 |   147 |   117 |   235 |   364 |   480 |   630 |   837 |   589 ||  3423
  Dodge: Dodged            |    23 |   120 |   128 |   245 |   336 |   280 |   421 |   613 |   412 ||  2578
  Block: Buckler           |       |       |    11 |    69 |   146 |       |   167 |   726 |   375 ||  1494
         Kite shield       |       |       |       |       |       |   601 |   756 |       |       ||  1357
         Reflection        |       |       |       |       |       |    56 |   145 |    72 |    54 ||   327

Table legend: (Time is in decaauts)
 A = Elapsed time spent in this place.
 B = Non-inter-level travel time spent in this place.
 C = Inter-level travel time spent in this place.
 D = Time resting spent in this place.
 E = Time spent auto-exploring this place.
 F = Levels seen in this place.
 G = Mean time per level.
                   A        B        C        D        E       F      G
               +--------+--------+--------+--------+--------+-----+--------+
         Total | 120713 | 105793 |  14920 |  39466 |  16001 |  58 | 2081.3 |
       Dungeon |  26445 |  20141 |   6304 |   5709 |   5490 |  15 | 1763.0 |
        Temple |     14 |      8 |      6 |      0 |      0 |   1 |   14.0 |
          Lair |  13263 |  10921 |   2342 |   3585 |   1291 |   5 | 2652.6 |
        Shoals |   7778 |   7388 |    390 |   3235 |    881 |   4 | 1944.5 |
     Snake Pit |   9929 |   9325 |    604 |   4422 |   1224 |   4 | 2482.2 |
    Slime Pits |   4519 |   4378 |    141 |   1870 |    871 |   5 |  903.8 |
  Orcish Mines |   5383 |   4277 |   1106 |   1255 |    377 |   2 | 2691.5 |
   Elven Halls |   5468 |   5059 |    409 |   1366 |    957 |   3 | 1822.7 |
        Vaults |  17158 |  15960 |   1198 |   7299 |   1449 |   5 | 3431.6 |
         Crypt |   6213 |   5776 |    437 |   1541 |   1242 |   3 | 2071.0 |
        Depths |  11625 |  10349 |   1276 |   4790 |    975 |   4 | 2906.2 |
           Zot |  11418 |  10715 |    703 |   3967 |    918 |   5 | 2283.6 |
      Ice Cave |    255 |    255 |      0 |    129 |      0 |   1 |  255.0 |
      Gauntlet |   1240 |   1240 |      0 |    292 |    323 |   1 | 1240.0 |
               +--------+--------+--------+--------+--------+-----+--------+

Top non-repeatable levels by time:
 Snake:3: 4545 daAuts
     D:9: 4382 daAuts
Depths:3: 3994 daAuts
   Orc:2: 3947 daAuts
Vaults:1: 3946 daAuts
  Lair:5: 3733 daAuts
Vaults:5: 3680 daAuts
Depths:1: 3548 daAuts
  Lair:1: 3259 daAuts
Vaults:4: 3247 daAuts
Vaults:3: 3191 daAuts
Vaults:2: 3092 daAuts
Depths:4: 2885 daAuts
 Crypt:3: 2778 daAuts
 Snake:4: 2696 daAuts
